 Dungeon Crawl Stone Soup version 0.27-a0-101-g3cb999cee2 (webtiles) character file.

Game seed: 2026264145402100328

10784 kae the Grappler (level 11, -5/111 HPs)
             Began as a Troll Monk on Jan 21, 2021.
             Was a Follower of Ru.
             Slain by a two-headed ogre
             ... wielding a +0 giant club
              (21 damage)
             ... on level 11 of the Dungeon.
             The game lasted 00:13:15 (9082 turns).

kae the Grappler (Troll Monk)                       Turns: 9082, Time: 00:13:16

Health: -5/111     AC: 11    Str: 24    XL:     11   Next: 40%
Magic:  0/10       EV: 13    Int:  6    God:    Ru [*.....]
Gold:   805        SH:  0    Dex: 12    Spells: 10/10 levels left

rFire    . . .     SeeInvis .     - Unarmed
rCold    + . .     Faith    .   (no shield)
rNeg     + . .     Spirit   +   i - +0 troll leather armour
rPois    .         Reflect  .   f - +2 hat of the Bear Spirit {Spirit, +Rage rN+ Will++}
rElec    +         Harm     .   u - +0 cloak of a bailey {rElec}
rCorr    .         Rampage  .   (gloves unavailable)
Will     ++...                  (boots unavailable)
Stlth    +.........             g - amulet of regeneration
HPRegen  1.88/turn              d - ring of protection from cold
MPRegen  0.12/turn              t - ring of flight

@: marked, no potions
A: large, unfitting armour, claws 3, regeneration 2, screaming 1, shaggy fur 1,
tough skin 3, inability to drink while threatened
a: Renounce Religion, Evoke Berserk Rage, Evoke Flight


You were on level 11 of the Dungeon.
You worshipped Ru.
Ru was aware of your devotion.
You visited 2 branches of the dungeon, and saw 12 of its levels.
You also visited: Bailey.

You collected 1052 gold pieces.
You spent 247 gold pieces at shops.

Inventory:

Armour
 a - a +2 robe
 f - the +2 hat of the Bear Spirit (worn) {Spirit, +Rage rN+ Will++}
   (You found it in a bailey)

   It protects you from negative energy.
   It affects your willpower, your defense against some magical effects.
   It lets you go berserk.
 i - a +0 troll leather armour (worn)
 u - the +0 cloak of a bailey (worn) {rElec}
   (You bought it in a shop on level 9 of the Dungeon)

   It insulates you from electricity.
Jewellery
 d - a ring of protection from cold (left claw)
 g - an amulet of regeneration (around neck)
 o - an uncursed ring of fire
 t - a ring of flight (right claw)
Wands
 p - a wand of flame (20)
 r - a wand of acid (9)
 s - a wand of iceblast (5)
Scrolls
 b - a scroll of enchant weapon
 h - 3 scrolls of remove curse
 k - 8 scrolls of teleportation
 n - a scroll of blinking
 q - a scroll of identify
Potions
 c - 2 potions of degeneration
 e - 3 potions of haste
 j - a potion of mutation
 l - a potion of heal wounds
 m - a potion of magic


   Skills:
 + Level 8.1 Fighting
 + Level 8.1 Dodging
 - Level 1.0 Stealth
 * Level 12.8 Unarmed Combat


You had 10 spell levels left.
You didn't know any spells.
Your spell library contained the following spells:

 Spells                   Type           Power        Failure   Level
 Summon Small Mammal      Summ           0%           50%         1
 Call Imp                 Summ           0%           65%         2
 Call Canine Familiar     Summ           0%           86%         3
 Summon Guardian Golem    Hex/Summ       0%           86%         3
 Cause Fear               Hex            0%           99%         4
 Summon Ice Beast         Ice/Summ       0%           99%         4
 Summon Lightning Spire   Summ/Air       0%           99%         4
 Silence                  Hex/Air        0%           100%        5
 Yara's Violent Unravell  Hex/Tmut       0%           100%        5
 Discord                  Hex            0%           100%        8


Dungeon Overview and Level Annotations

Branches:
Dungeon (11/15)            Temple (1/1) D:4            Lair (0/6) D:8
    Orc (0/2) D:11         Bailey (visited)

Altars:
Ashenzari
Cheibriados
Dithmenos
Elyvilon
Fedhas
Gozag
Hepliaklqana
Kikubaaqudgha
Makhleb
Nemelex Xobeh
Okawaru
Qazlal
Ru
Sif Muna
Trog
Uskayaw
Vehumet
Wu Jian
Xom
Yredelemnul
Zin
The Shining One

Shops:
D:9 [

Annotations:
D:4 1 exclusion


Innate Abilities, Weirdness & Mutations

You are too large for most types of armour.
You have claws for hands.
You heal very quickly.
You are covered in fur. (AC +1)
You have extremely tough skin. (AC +3)
You cannot drink potions while threatened.
You occasionally shout uncontrollably at your foes.


Message History

The two-headed ogre hits you with a +0 giant spiked club!
You feel threatened and lose the ability to drink potions!
The shadow barely misses you. The yak gores you but does no damage.
The adder bites you but does no damage. The wyvern bites you!
An orc comes into view. It is wielding a +0 trident.
The boulder beetle bites you!
An ogre comes into view. It is wielding a +0 giant spiked club.
The yak gores you.
You scratch the shadow. You claw the shadow!
The shadow is severely damaged.
The wyvern misses you. The adder misses you.
An orc comes into view. It is wielding a +0 short sword.
The shadow slips into darkness.
The shadow flickers and vanishes!
Deactivating autopickup; reactivate with Ctrl-A.
The yak gores you but does no damage.
The two-headed ogre hits you with a +0 giant club!!
* * * LOW HITPOINT WARNING * * *
The two-headed ogre hits you with a +0 giant spiked club!!
You die...

### ## #.### #.#######.#.#
###### #..##.##...# .§
....... ##...#.#...##... .#
#.######..lY{.......# .#
#.....#.5YO@Ylou....## .##
##........SSB#†.†.o!.B#
..###..#......FT##T.#..o..^.
#......#...........Y######.Y
#.....#.....###..#### Y.§
#..#.......## ####
..###....O## .## #....## .#
#....#


You could see a boulder beetle, a cyan ugly thing, a two-headed ogre, 3 yaks, a
troll, an orc warrior, a wyvern, an ogre, a bullfrog, an iguana, a quasit, 2
adders and 2 orcs.

Vanquished Creatures
  Erolcha (D:10)
  Sonja (D:11)
  An unseen horror (D:7)
  An orc knight (Bailey)
  A cyclops (D:10)
  A centaur zombie (D:10)
  A kobold demonologist (D:10)
  A troll (D:11)
  2 hornets
  A wyvern (D:10)
  A wraith (D:10)
  5 yaks
  Duvessa (D:6)
  A water moccasin (D:5)
  9 orc warriors
  2 sky beasts
  2 black bears (D:8)
  2 ogres
  2 phantoms
  8 centaurs
  20 big kobolds
  5 bullfrogs
  Dowan (D:6)
  3 scorpions
  A water moccasin skeleton (D:5)
  3 howler monkeys (D:11)
  2 bullfrog zombies
  4 jellies
  2 bullfrog skeletons
  4 hounds
  4 orc priests
  A centaur skeleton (D:7)
  4 iguanas
  Ijyb (D:3)
  4 orc wizards
  13 worker ants
  2 killer bee zombies
  2 hound skeletons
  2 worker ant zombies
  13 adders
  10 gnolls
  5 white imps
  An ufetubus (D:8)
  5 oozes
  2 worms (D:2)
  2 dart slugs (D:2)
  5 leopard geckos
  35 orcs
  2 ball pythons (D:2)
  4 giant cockroaches
  19 goblins
  8 hobgoblins
  10 jackals
  7 quokkas
  10 bats
  4 frilled lizards
  A jackal skeleton (D:5)
  39 kobolds
  A quokka zombie (D:6)
  11 rats
316 creatures vanquished.

Vanquished Creatures (others)
  A two-headed ogre (D:10)
  An orc priest (D:10)
  An orc (D:10)
  10 fungi (D:8)
  11 plants (D:8)
24 creatures vanquished.

Grand Total: 340 creatures vanquished

Notes
Turn   | Place    | Note
-------+----------+-------------------------------------------
     0 | D:1      | kae the Troll Monk began the quest for the Orb.
     0 | D:1      | Reached XP level 1. HP: 22/22 MP: 0/0
   150 | D:1      | Reached XP level 2. HP: 29/29 MP: 1/1
   828 | D:2      | Reached XP level 3. HP: 30/36 MP: 2/2
   949 | D:2      | Reached skill level 4 in Unarmed Combat
  1019 | D:2      | Reached XP level 4. HP: 44/44 MP: 3/3
  1835 | D:3      | Reached XP level 5. HP: 53/53 MP: 4/4
  2130 | D:3      | Noticed Ijyb
  2155 | D:3      | Killed Ijyb
  2532 | D:3      | Found a hazy altar of Hepliaklqana.
  2690 | D:4      | Reached skill level 5 in Unarmed Combat
  2748 | D:4      | Reached XP level 6. HP: 58/61 MP: 5/5
  2823 | D:4      | Found a burning altar of Makhleb.
  2826 | D:4      | Found a shimmering blue altar of Sif Muna.
  2826 | D:4      | Found an ornate altar of the Wu Jian Council.
  3161 | D:4      | Found a staircase to the Ecumenical Temple.
  3172 | Temple   | Entered the Ecumenical Temple
  3339 | Temple   | Became a worshipper of Ru the Awakened
  3448 | D:4      | Reached skill level 6 in Unarmed Combat
  3449 | D:4      | Reached XP level 7. HP: 68/68 MP: 6/6
  3451 | D:4      | Found an iron altar of Okawaru.
  3655 | D:5      | Entered Level 5 of the Dungeon
  3790 | D:5      | Found a shimmering blue altar of Sif Muna.
  3792 | D:5      | Found a hide-covered altar of Uskayaw.
  3792 | D:5      | Found a shimmering altar of Xom.
  3794 | D:5      | Found an ornate altar of the Wu Jian Council.
  3794 | D:5      | Found a shimmering altar of Xom.
  3794 | D:5      | Found an ancient bone altar of Kikubaaqudgha.
  4026 | D:5      | Reached skill level 7 in Unarmed Combat
  4338 | D:6      | Reached XP level 8. HP: 56/79 MP: 7/7
  4825 | D:6      | Noticed Duvessa
  4825 | D:6      | Noticed Dowan
  4833 | D:6      | Killed Duvessa
  4834 | D:6      | Reached skill level 5 in Fighting
  4834 | D:6      | Reached skill level 5 in Dodging
  4834 | D:6      | Reached skill level 8 in Unarmed Combat
  4837 | D:6      | Killed Dowan
  5334 | D:7      | Found a glowing silver altar of Zin.
  5541 | D:7      | Killed an unseen horror
  5542 | D:7      | Reached skill level 9 in Unarmed Combat
  5542 | D:7      | Reached XP level 9. HP: 63/89 MP: 8/8
  5851 | D:8      | Found a staircase to the Lair.
  5958 | D:8      | Reached skill level 10 in Unarmed Combat
  6667 | D:8      | Reached XP level 10. HP: 26/100 MP: 9/9
  6897 | D:9      | Found a flagged portal.
  6937 | Bailey   | Entered a bailey
  7093 | Bailey   | Found the +2 hat of the Bear Spirit {Spirit, +Rage rN+
                  | Will++}
  7099 | Bailey   | Noticed an orc knight
  7107 | Bailey   | Gained mutation: You occasionally shout uncontrollably at
                  | your foes. [potion of mutation]
  7107 | Bailey   | Gained mutation: You heal very quickly. [potion of
                  | mutation]
  7126 | Bailey   | Killed an orc knight
  7127 | Bailey   | Reached skill level 11 in Unarmed Combat
  7490 | D:9      | Gained mutation: You cannot drink potions while threatened.
                  | [Ru sacrifice]
  7490 | D:9      | Reached * piety under Ru
  7602 | D:9      | Found Puntij's Antique Armour Shop.
  7613 | D:9      | Bought a bloodstained cloak for 247 gold pieces
  7618 | D:9      | Identified the +0 cloak of a bailey {rElec} (You bought it
                  | in a shop on level 9 of the Dungeon)
  7909 | D:10     | Entered Level 10 of the Dungeon
  7912 | D:10     | Paralysed by a hornet for 1 turns
  7915 | D:10     | Killed a two-headed ogre
  7917 | D:10     | Paralysed by a hornet for 1 turns
  8046 | D:10     | Noticed a cyclops
  8056 | D:10     | Killed a cyclops
  8196 | D:10     | Noticed Erolcha
  8208 | D:10     | Killed Erolcha
  8209 | D:10     | Reached skill level 12 in Unarmed Combat
  8302 | D:10     | Reached XP level 11. HP: 109/109 MP: 10/10
  8779 | D:11     | Noticed Sonja
  8931 | D:11     | Killed Sonja
  9005 | D:11     | Found a staircase to the Orcish Mines.
  9070 | D:11     | Noticed a boulder beetle
  9075 | D:11     | Noticed a two-headed ogre
  9078 | D:11     | Noticed a cyan ugly thing
  9082 | D:11     | Slain by a two-headed ogre

Illustrated notes

Levels and vault maps discovered:
D:1:      heliophobic_arrival_henge, layout_basic
D:2:      layout_basic, kennysheep_generic_room_16
D:3:      layout_basic, nzn_hepliaklqana_mist_gate, kennysheep_generic_room_3,
          uniq_ijyb
D:4:      layout_loops_ring, kennysheep_okawaru_gauntlet,
          grunt_temple_overflow_open, minmay_temple_entry_antechambers
D:5:      minmay_diamond_boxcup, layout_basic, grunt_decor_junction,
          grunt_ministairs_10, st_stairs_13, doesnt_xom_only_xom
D:6:      layout_loops_cross, uniq_duvessa
D:7:      cheibrodos_helix_gallery, layout_basic, kennysheep_mini_moat
D:8:      layout_basic, grunt_lair_entry_orc_guard_hut, centaur_isle
D:9:      layout_loops_ring, lightli_bailey_entry_fortress, serial_shops,
          nicolae_shop_waterfront
D:10:     layout_roguey [special_room_kobold], lemuel_flamethrower_2,
          uniq_erolcha
D:11:     minmay_the_grid_square_5x5_4x4_mashed
          [minmay_the_grid_square_5x5_minivault, minmay_the_grid_square_5x5_z,
          minmay_the_grid_square_5x5_longway,
          minmay_the_grid_square_5x5_inner_i, minmay_the_grid_square_5x5_slash,
          minmay_the_grid_square_5x5_prize_rear_guard,
          minmay_the_grid_square_5x5_prize_snowflake,
          minmay_the_grid_square_5x5_n_small,
          minmay_the_grid_square_5x5_gyroscope,
          minmay_the_grid_square_5x5_prize_junk,
          minmay_the_grid_square_5x5_prize_monsterx,
          minmay_the_grid_square_5x5_half_checkered,
          minmay_the_grid_square_5x5_trominoes,
          minmay_the_grid_square_5x5_tri_point,
          minmay_the_grid_square_5x5_percent,
          minmay_the_grid_square_5x5_three_walls], layout_layer_cave,
          hiddenorc1_lemuel, gauntlet_entry_generic, minmay_misc_feat_ornament,
          uniq_sonja
Temple:   regret_index_temple_sphere_string

Skill      XL: |  1  2  3  4  5  6  7  8  9 10 11 |
---------------+----------------------------------+-----
Unarmed Combat | 4 5 6 7 9 10 12 | 12.8
Dodging        | 3 4 5 6 7 8 |  8.1
Fighting       | 3 4 5 6 7 8 |  8.1
Stealth        | |  1.0

Action                   |  1- 3 |  4- 6 |  7- 9 | 10-12 || total
-------------------------+-------+-------+-------+-------++-------
Melee: Unarmed           |   102 |   192 |   324 |   345 ||   963
       Punch             |       |     3 |     9 |    17 ||    29
Invok: Reject Sacrifices |       |     1 |       |       ||     1
       Sacrifice Drink   |       |       |       |     1 ||     1
 Abil: Evoke Flight      |       |       |       |     1 ||     1
Evoke: Wand              |       |       |       |     2 ||     2
  Use: Scroll            |     4 |     7 |     5 |     4 ||    20
       Potion            |       |       |     2 |     8 ||    10
 Stab: Sleeping          |     2 |       |     5 |     2 ||     9
Armor: Robe              |    60 |    53 |    81 |   114 ||   308
       Skin              |       |       |     6 |     8 ||    14
       Troll leather arm |       |       |       |     8 ||     8
Dodge: Dodged            |    67 |    82 |   151 |   262 ||   562

Table legend: (Time is in decaauts)
 A = Elapsed time spent in this place.
 B = Non-inter-level travel time spent in this place.
 C = Inter-level travel time spent in this place.
 D = Time resting spent in this place.
 E = Time spent auto-exploring this place.
 F = Levels seen in this place.
 G = Mean time per level.
                   A        B        C        D        E       F      G
               +--------+--------+--------+--------+--------+-----+--------+
         Total |   8991 |   8741 |    250 |    641 |   6125 |  13 |  691.6 |
       Dungeon |   8335 |   8118 |    217 |    517 |   5874 |  11 |  757.7 |
        Temple |    180 |    148 |     32 |      0 |    147 |   1 |  180.0 |
        Bailey |    475 |    475 |      0 |    124 |    104 |   1 |  475.0 |
               +--------+--------+--------+--------+--------+-----+--------+

Top non-repeatable levels by time:
     D:8: 1175 daAuts
     D:2: 1051 daAuts
    D:10: 867 daAuts
     D:3: 844 daAuts
     D:4: 793 daAuts
     D:1: 760 daAuts
     D:7: 659 daAuts
     D:6: 645 daAuts
     D:9: 641 daAuts
     D:5: 610 daAuts
  Bailey: 475 daAuts
    D:11: 285 daAuts
  Temple: 180 daAuts
